 Dungeon Crawl Stone Soup version 0.22.0-75-g3901e79 (webtiles) character file.

77 Fang the Skirmisher (level 4, -3/43 HPs)
             Began as a Gargoyle Berserker on Sept 14, 2018.
             Was a Believer of Trog.
             Slain by a gnoll
             ... wielding a +0 spear
              (4 damage)
             ... on level 3 of the Dungeon.
             The game lasted 00:01:56 (1452 turns).

Fang the Skirmisher (Gargoyle Berserker)            Turns: 1452, Time: 00:01:57

Health: -3/43      AC:  5    Str: 27    XL:     4   Next: 34%
Magic:  0/4        EV: 12    Int:  7    God:    Trog [**....]
Gold:   79         SH:  0    Dex:  9    Spells: 3/3 levels left

rFire    + . .     SeeInvis .   a - +0 hand axe
rCold    . . .     Gourm    .   (no shield)
rNeg     + . .     Faith    .   b - +0 animal skin
rPois    ∞         Spirit   +   (no helmet)
rElec    +         Reflect  .   (no cloak)
rCorr    .         Harm     .   (no gloves)
MR       +....                  (no boots)
Stlth    ..........             p - amulet of guardian spirit
HPRegen  0.14/turn              d - ring of protection from magic
MPRegen  0.09/turn              h - ring of protection from fire

@: berserking, very quick
A: negative energy resistance 1, electricity resistance, unbreathing,
petrification resistance, rot immunity, AC +3
a: Berserk, Trog's Hand, Renounce Religion


You were on level 3 of the Dungeon.
You worshipped Trog.
Trog was pleased with you.
You were hungry.

You visited 1 branch of the dungeon, and saw 3 of its levels.

You collected 79 gold pieces.

Inventory:

Hand Weapons
 a - a +0 hand axe (weapon)
Armour
 b - a +0 animal skin (worn)
Jewellery
 d - a ring of protection from magic (left hand)
 h - a ring of protection from fire (right hand)
 p - an amulet of guardian spirit (around neck)
Scrolls
 e - a scroll of fog {unknown}
 f - 5 scrolls of teleportation {unknown}
 g - 2 scrolls of magic mapping {unknown}
 i - 2 scrolls of identify {unknown}
 l - a scroll of remove curse {unknown}
 q - a scroll of random uselessness {unknown}
Potions
 j - 2 potions of brilliance {unknown}
 k - a potion of curing {unknown}
 m - a potion of flight {unknown}
 n - a potion of lignification {unknown}
 o - a potion of ambrosia {unknown}
Comestibles
 c - 5 rations


   Skills:
 + Level 4.0 Fighting
 + Level 3.4 Axes
 + Level 2.4 Armour
 + Level 2.3 Dodging
 + Level 0.7 Stealth


You had 3 spell levels left.
You didn't know any spells.
Your spell library was empty.

Dungeon Overview and Level Annotations

Branches:
Dungeon (3/15)

Altars:
Qazlal


Innate Abilities, Weirdness & Mutations

You are resistant to torment.
Your stone body is resilient. (AC +3)
You are immune to poison.
You resist negative energy. (rN+)
You are resistant to electric shocks. (rElec)
You can survive without breathing.
You are immune to petrification.
You are immune to rotting.


Message History

You feel yourself moving faster!
You feel mighty!
You are feeling hungry.
The jackal misses you. The gnoll hits you with a spear!
* * * LOW HITPOINT WARNING * * *
The gnoll hits you from afar with a spear.
* * * LOW HITPOINT WARNING * * *
The jackal bites you.
* * * LOW HITPOINT WARNING * * *
The gnoll hits you but does no damage. The jackal barely misses you.
The gnoll hits you but does no damage.
You slash the jackal!
You kill the jackal!
Trog accepts your kill.
You hit the jackal. You barely miss the orc. You hit the gnoll. x2
You kill the gnoll!
Trog accepts your kill.
Your Fighting skill increases to level 4!
The jackal barely misses you. The orc hits you but does no damage.
The gnoll hits you from afar with a spear.
You die...

##### ...... #....
...... #....
......##############....
..................##....
#................)......
.....gg...........##....
#.....)g..........##....
......†@.##+#####.#####.
#....#ho....#####.#####.
#.. #..................
+ '..................
......#########.#####.
....... ..#..†........
#..###.# #.#...........
... #.# #.#####.######
.. ...##.### #.......


You could see 3 gnolls, an orc and a jackal.

Vanquished Creatures
  A gnoll (D:3)
  2 adders
  2 dart slugs (D:1)
  A leopard gecko (D:3)
  An orc (D:3)
  2 ball pythons
  4 giant cockroaches
  8 hobgoblins
  A jackal (D:3)
  3 kobolds
  A quokka (D:2)
  6 bats
  3 frilled lizards
  3 goblins
  5 rats
43 creatures vanquished.

Notes
Turn   | Place    | Note
-------+----------+-------------------------------------------
     0 | D:1      | Fang the Gargoyle Berserker began the quest for the Orb.
     0 | D:1      | Reached XP level 1. HP: 14/14 MP: 1/1
   217 | D:1      | Reached XP level 2. HP: 18/19 MP: 2/2
   619 | D:2      | Reached XP level 3. HP: 22/24 MP: 3/3
   820 | D:2      | Reached ** piety under Trog
  1214 | D:3      | Found a stormy altar of Qazlal.
  1229 | D:3      | Reached XP level 4. HP: 20/29 MP: 4/4
  1451 | D:3      | HP: 1/43 [jackal (2)]
  1452 | D:3      | Reached skill level 4 in Fighting
  1452 | D:3      | Slain by a gnoll

Skill      XL: |  1  2  3  4 |
---------------+-------------+-----
Axes           | 3 |  3.4
Dodging        | 2 |  2.3
Fighting       | 4 |  4.0
Armour         | |  2.4
Stealth        | |  0.7

Action                   |  1- 3 |  4- 6 || total
-------------------------+-------+-------++-------
Melee: Hand axe          |   115 |    20 ||   135
Invok: Berserk           |       |     1 ||     1
 Stab: Sleeping          |     1 |     1 ||     2
  Eat: Chunk             |     1 |     1 ||     2
Armor: Animal skin       |    44 |    11 ||    55
Dodge: Dodged            |    84 |    19 ||   103
